 Dungeon Crawl Stone Soup version 0.27-a0-951-gae3e1deef5 (webtiles) character file.

Game seed: 16183172173563756545

1240 mhtbhm the Digger (level 8, -2/46 HPs)
             Began as a Gargoyle Earth Elementalist on Apr 11, 2021.
             Killed from afar by a steam dragon (15 damage)
             ... with a ball of steam
             ... on level 6 of the Dungeon.
             The game lasted 00:14:05 (8778 turns).

mhtbhm the Digger (Gargoyle Earth Elementalist)     Turns: 8778, Time: 00:14:05

Health: -2/46      AC: 13    Str: 13    XL:     8   Next: 49%
Magic:  1/15       EV: 16    Int: 17    God:
Gold:   217        SH:  0    Dex: 10    Spells: 4/15 levels left

rFire    . . .     SeeInvis .   a - staff of cold
rCold    + . .     Faith    .   (no shield)
rNeg     + . .     Spirit   .   c - +0 troll leather armour {Purgy}
rPois    ∞         Reflect  .   l - +1 helmet
rElec    +         Harm     .   j - +0 cloak
rCorr    .         Rampage  .   (no gloves)
Will     .....                  (no boots)
Stlth    ++........             (no amulet)
HPRegen  1.15/turn              t - +4 ring of evasion
MPRegen  0.14/turn              i - ring of wizardry

@: no status effects
A: AC +5, negative energy resistance 1, electricity resistance, torment
resistance 1, unbreathing 1, petrification resistance, high mp 1, screaming 1
a: no special abilities


You were on level 6 of the Dungeon.
You visited 1 branch of the dungeon, and saw 6 of its levels.
You also visited: Sewer and Ossuary.

You collected 261 gold pieces.
You spent 44 gold pieces at shops.

Inventory:

Missiles
 m - 14 poisoned darts (quivered)
 v - 53 stones
Armour
 c - a +0 troll leather armour (worn) {Purgy}
 j - a +0 cloak (worn)
 l - a +1 helmet (worn)
Magical Staves
 a - a staff of cold (weapon)
Jewellery
 g - a ring of see invisible
 h - a ring of positive energy
 i - a ring of wizardry (right hand)
 t - a +4 ring of evasion (left hand)
Wands
 b - a wand of polymorph (10)
Scrolls
 f - 3 scrolls of enchant armour
 k - a scroll of acquirement {unknown}
 p - a scroll of teleportation
 r - a scroll of fog
 x - 4 scrolls of identify
Potions
 d - 2 potions of haste
 e - 2 potions of lignification
 n - a potion of heal wounds
 q - a potion of ambrosia {unknown}
 s - a potion of attraction {unknown}
 u - a potion of magic {unknown}
 w - a potion of curing {unknown}


   Skills:
 + Level 3.0 Fighting
 + Level 2.6(4.0) Maces & Flails
 + Level 4.5(4.9) Staves
 + Level 2.3 Armour
 + Level 3.9 Dodging
 - Level 2.1 Stealth
 + Level 4.0 Spellcasting
 + Level 1.1 Conjurations
 + Level 0.8 Transmutations
 + Level 5.7 Earth Magic


You had 4 spell levels left.
You knew the following spells:

 Your Spells              Type           Power      Damage    Failure   Level
a - Sandblast             Erth           44%        2d11      1%          1
b - Passwall              Tmut/Erth      11%        N/A       3%          2
c - Stone Arrow           Conj/Erth      30%        3d8       6%          3
d - Lee's Rapid Deconstr  Erth           11%        3d9*      21%         5

Your spell library contained the following spells:

 Spells                   Type           Power      Damage    Failure   Level
 Magic Dart               Conj           28%        1d4       4%          1
 Animate Skeleton         Necr           6%         N/A       9%          1
 Apportation              Tloc           6%         N/A       9%          1
 Corona                   Hex            3%         N/A       9%          1
 Summon Small Mammal      Summ           12%        N/A       9%          1
 Blink                    Tloc           N/A        N/A       12%         2
 Call Imp                 Summ           3%         N/A       12%         2
 Poisonous Vapours        Pois/Air       6%         N/A       12%         2
 Slow                     Hex            3%         N/A       12%         2
 Conjure Flame            Conj/Fire      5%         6-21      19%         3
 Mephitic Cloud           Conj/Pois/Air  4%         N/A       21%         3
 Spider Form              Tmut/Pois      2%         N/A       21%         3
 Petrify                  Tmut/Erth      14%        N/A       21%         4
 Inner Flame              Hex/Fire       3%         N/A       24%         3
 Summon Guardian Golem    Hex/Summ       3%         N/A       24%         3
 Discord                  Hex            1%         N/A       100%        8


Dungeon Overview and Level Annotations

Branches:
Dungeon (6/15)              Sewer (visited)         Ossuary (visited)
 Temple: D:4-7

Altars:
Cheibriados
Trog
Xom

Shops:
D:4 ?


Innate Abilities, Weirdness & Mutations

Your stone body is resilient. (AC +5)
You are immune to poison.
You resist negative energy. (rN+)
You are resistant to electric shocks. (rElec)
You are resistant to unholy torment.
You can survive without breathing.
You are immune to petrification.
You have an increased reservoir of magic. (+10% MP)
You occasionally shout uncontrollably at your foes.


Message History

Press: ? - help, Q - select action, (/) - cycle Shift-Dir - straight line, f - steam dragon
Aim: a steam dragon (steam, almost dead, catching its breath, 56% to hit)
You throw a poisoned dart.
The poisoned dart hits the steam dragon.
The steam dragon is poisoned.
The steam dragon is almost dead.
You are engulfed in a cloud of scalding steam.
* * * LOW HITPOINT WARNING * * *
The steam dragon closely misses you.
The steam dragon claws you but does no damage.
The steam dragon breathes steam at you. The ball of steam misses you.
Really quaff the potion of lignification?
Really become a tree while standing in a cloud of steam?
Okay, then.
Unknown command.
You kill the steam dragon!
The steam dragon scales are intact enough to wear.
Your Fighting skill increases to level 3!
Unknown command.
Throw: 16 darts (poison)
Press: ? - help, Q - select action, (/) - cycle Shift-Dir - straight line, f - steam dragon
Aim: a steam dragon (almost dead, 56% to hit)
You throw a poisoned dart.
The poisoned dart hits the steam dragon.
The steam dragon is almost dead.
You closely miss the steam dragon.
The steam dragon is almost dead.
The steam dragon bites you.
* * * LOW HITPOINT WARNING * * *
The steam dragon closely misses you.
Unknown command.
Throw: 15 darts (poison)
Press: ? - help, Q - select action, (/) - cycle Shift-Dir - straight line, f/p - steam dragon
Aim: a steam dragon (almost dead, 56% to hit)
You throw a poisoned dart.
The poisoned dart barely misses the steam dragon.
The steam dragon breathes steam at you. The ball of steam hits you!
You die...

####≈≈≈ ##≈≈§..
#≈≈..§# #≈...§#
#.....###
###...##$####
###.###)##.##.....#
..........([......#
####..###[##((D@....#
#.[.....#.#####.....#
#.......#.# ###.###
#.......#.#######.#
#.................#
#...........#######
#.....).....#
#...........###
##............#


You could see a steam dragon (catching breath).

Vanquished Creatures
  A wraith (Ossuary)
  A steam dragon (D:6)
  Purgy (Sewer)
  A necrophage (D:5)
  An ogre (D:6)
  A scorpion (D:5)
  A water moccasin zombie (D:5)
  A wyvern skeleton (D:6)
  A howler monkey (D:4)
  Crazy Yiuf (D:4)
  2 bullfrog skeletons (D:5)
  A gnoll shaman (D:5)
  An iguana (D:4)
  A hound skeleton (D:5)
  A mummy (Ossuary)
  11 gnolls
  A howler monkey skeleton (D:4)
  7 adders
  A shadow imp (D:5)
  2 ufetubi (D:5)
  2 worms (D:2)
  A dart slug (D:4)
  2 orcs
  12 endoplasms
  5 giant cockroaches
  13 goblins
  8 hobgoblins
  4 jackals (D:1)
  5 quokkas
  9 ball pythons
  13 bats
  3 frilled lizards (D:2)
  12 gnoll skeletons (Ossuary)
  2 goblin zombies (D:4)
  4 kobolds
  6 kobold skeletons (Ossuary)
  7 orc skeletons (Ossuary)
  4 rats
150 creatures vanquished.

Vanquished Creatures (others)
  3 plants (D:5)
3 creatures vanquished.

Grand Total: 153 creatures vanquished

Notes
Turn   | Place    | Note
-------+----------+-------------------------------------------
     0 | D:1      | mhtbhm the Gargoyle Earth Elementalist began the quest for
                  | the Orb.
     0 | D:1      | Reached XP level 1. HP: 10/10 MP: 3/3
   259 | D:1      | Reached XP level 2. HP: 15/15 MP: 0/5
   269 | D:1      | Reached skill level 4 in Earth Magic
  1294 | D:1      | Reached XP level 3. HP: 14/19 MP: 7/7
  1490 | D:1      | Learned a level 2 spell: Passwall
  1494 | D:1      | Learned a level 3 spell: Stone Arrow
  3493 | D:2      | Reached XP level 4. HP: 24/24 MP: 3/8
  3997 | D:2      | Identified the Disquisition on Captivating Poison
  4424 | D:2      | Reached XP level 5. HP: 21/28 MP: 9/9
  4561 | D:2      | Reached skill level 1 in Maces & Flails
  4859 | D:3      | Reached skill level 1 in Fighting
  5777 | D:3      | Found a faded altar of an unknown god.
  5902 | D:4      | Found a snail-covered altar of Cheibriados.
  5908 | D:4      | Found a shimmering altar of Xom.
  6024 | D:4      | Found Zumum's Magic Scroll Shoppe.
  6027 | D:4      | Bought a scroll of identify for 22 gold pieces
  6027 | D:4      | Bought a scroll of identify for 22 gold pieces
  6037 | D:4      | Reached XP level 6. HP: 28/34 MP: 5/10
  6043 | D:4      | Learned a level 5 spell: Lee's Rapid Deconstruction
  6044 | D:4      | Found a glowing drain.
  6097 | Sewer    | Entered a sewer
  6133 | Sewer    | Noticed Purgy
  6144 | Sewer    | Killed Purgy
  6145 | Sewer    | Reached skill level 5 in Earth Magic
  6221 | D:4      | Found a sand-covered staircase.
  6251 | Ossuary  | Entered an ossuary
  6251 | Ossuary  | Noticed a wraith
  6251 | Ossuary  | Noticed a wraith
  6251 | Ossuary  | Noticed a wraith
  6582 | Ossuary  | Noticed a wraith
  6635 | Ossuary  | Killed a wraith
  6636 | Ossuary  | Reached skill level 1 in Staves
  6636 | Ossuary  | Reached skill level 1 in Conjurations
  6636 | Ossuary  | Reached XP level 7. HP: 37/40 MP: 0/12
  7420 | D:4      | Reached skill level 1 in Armour
  7666 | D:4      | Found a runed translucent door.
  7667 | D:4      | Noticed Crazy Yiuf
  7672 | D:4      | Killed Crazy Yiuf
  7792 | D:5      | Entered Level 5 of the Dungeon
  7998 | D:5      | Reached XP level 8. HP: 45/45 MP: 10/13
  8394 | D:5      | Found a bloodstained altar of Trog.
  8512 | D:5      | Gained mutation: You occasionally shout uncontrollably at
                  | your foes. [potion of mutation]
  8512 | D:5      | Gained mutation: You have an increased reservoir of magic.
                  | (+10% MP) [potion of mutation]
  8778 | D:6      | Killed from afar by a steam dragon

Illustrated notes

Levels and vault maps discovered:
D:1:      scummos_arrival_forest, layout_basic, hangedman_decor_slide_cut,
          minmay_octomino_e4
D:2:      minmay_angry_zag, layout_basic
D:3:      layout_loops_corners, ebering_ecumenical_altar_abandoned
D:4:      layout_basic, chequers_temple_overflow_statue_of_worship,
          serial_shops, kennysheep_mini_moat, cheibrodos_sewer_entry_drain,
          enter_ossuary_4, uniq_crazy_yiuf_cottage
D:5:      layout_basic, lemuel_coloured_pillars_altar, chequers_big_river
D:6:      cheibrodos_steamvent, layout_loops_ring, fedhas_altar_4

Skill      XL: |  1  2  3  4  5  6  7  8 |
---------------+-------------------------+-----
Earth Magic    | 4 5 |  5.7
Dodging        | 2 3 |  3.9
Spellcasting   | 3 4 |  4.0
Maces & Flails | 2 |  2.6
Fighting       | 1 2 3 |  3.0
Staves         | 1 3 4 |  4.5
Conjurations   | 1 |  1.1
Armour         | 1 2 |  2.3
Stealth        | |  2.1
Transmutations | |  0.8

Action                   |  1- 3 |  4- 6 |  7- 9 || total
-------------------------+-------+-------+-------++-------
Melee: Unarmed           |    63 |       |       ||    63
       Club              |    87 |    20 |       ||   107
       Flail             |       |   123 |       ||   123
       Staff             |       |   117 |   200 ||   317
       Quarterstaff      |       |       |    52 ||    52
Throw: Dart              |       |       |     3 ||     3
 Cast: Sandblast         |    30 |    29 |     7 ||    66
       Stone Arrow       |     1 |    18 |     3 ||    22
       Passwall          |       |       |     2 ||     2
       Lee's Rapid Decon |       |       |     3 ||     3
  Use: Scroll            |       |    10 |     2 ||    12
       Potion            |       |     3 |     5 ||     8
 Stab: Sleeping          |     3 |     5 |       ||     8
Armor: Robe              |    52 |   106 |       ||   158
       Skin              |       |    53 |       ||    53
       Troll leather arm |       |    20 |   111 ||   131
Dodge: Dodged            |    99 |   294 |   225 ||   618

Table legend: (Time is in decaauts)
 A = Elapsed time spent in this place.
 B = Non-inter-level travel time spent in this place.
 C = Inter-level travel time spent in this place.
 D = Time resting spent in this place.
 E = Time spent auto-exploring this place.
 F = Levels seen in this place.
 G = Mean time per level.
                   A        B        C        D        E       F      G
               +--------+--------+--------+--------+--------+-----+--------+
         Total |   8961 |   8943 |     18 |   1809 |   4826 |   8 | 1120.1 |
       Dungeon |   8047 |   8029 |     18 |   1415 |   4787 |   6 | 1341.2 |
         Sewer |    106 |    106 |      0 |      0 |      0 |   1 |  106.0 |
       Ossuary |    807 |    807 |      0 |    394 |     39 |   1 |  807.0 |
               +--------+--------+--------+--------+--------+-----+--------+

Top non-repeatable levels by time:
     D:1: 2942 daAuts
     D:2: 1692 daAuts
     D:3: 1322 daAuts
     D:4: 1089 daAuts
 Ossuary: 807 daAuts
     D:5: 786 daAuts
     D:6: 213 daAuts
   Sewer: 106 daAuts
